Workbook

Sheet Cashflow Forecast Template
A2: Agency Cash Flow Projection Worksheet
A3: This is a highly simplified tool you can use to predict your agency's future financials. Simply enter your actual bank balance as of today in the green cell beneath "Month 1" and then enter expected income and expenses for each month. Your estimated closing cash balance for each month will then auto-calculate.
A4: Rolling Forecast | C4: Month 1 | D4: Month 2 | E4: Month 3 | F4: Month 4 | G4: Month 5 | H4: Month 6 | I4: Month 7 | J4: Month 8 | K4: Month 9 | L4: Month 10 | M4: Month 11 | N4: Month 12 | O4: Month 13 | P4: Month 14 | Q4: Month 15 | R4: Month 16
A5: Opening Balance | C5: Insert your actual opening bank balance in the green cell under week one. The rest of the opening balances will auto-calculate.
D6: =C32 -> 0 | E6: =D32 -> 0 | F6: =E32 -> 0 | G6: =F32 -> 0 | H6: =G32 -> 0 | I6: =H32 -> 0 | J6: =I32 -> 0 | K6: =J32 -> 0 | ... R6: =Q32 -> 0
A7: Expected Income | B7: Income Type | C7: Note your expected incoming cash for each week here. (Use positive numbers.) You can insert additional rows in the middle of this section, if needed.
B8: Commission
B9: Carrier A | D9: 0 | E9: 0 | F9: 0 | G9: 0 | H9: 0 | I9: 0 | J9: 0 | K9: 0 | L9: 0 | M9: 0 | N9: 0 | O9: 0 | P9: 0 | Q9: 0 | R9: 0
B10: Carrier B | D10: 0 | E10: 0 | F10: 0 | G10: 0 | H10: 0 | I10: 0 | J10: 0 | K10: 0 | L10: 0 | M10: 0 | N10: 0 | O10: 0 | P10: 0 | Q10: 0 | R10: 0
B11: Carrier C | C11: 0 | D11: 0 | E11: 0 | F11: 0 | G11: 0 | H11: 0 | I11: 0 | J11: 0 | K11: 0 | L11: 0 | M11: 0 | N11: 0 | O11: 0 | P11: 0 | Q11: 0 | R11: 0
B12: Fees | C12: 0 | D12: 0 | E12: 0 | F12: 0 | G12: 0 | H12: 0 | I12: 0 | J12: 0 | K12: 0 | L12: 0 | M12: 0 | N12: 0 | O12: 0 | P12: 0 | Q12: 0 | R12: 0
B13: Other | C13: 0 | D13: 0 | E13: 0 | F13: 0 | G13: 0 | H13: 0 | I13: 0 | J13: 0 | K13: 0 | L13: 0 | M13: 0 | N13: 0 | O13: 0 | P13: 0 | Q13: 0 | R13: 0
C14: 0 | D14: 0 | E14: 0 | F14: 0 | G14: 0 | H14: 0 | I14: 0 | J14: 0 | K14: 0 | L14: 0 | M14: 0 | N14: 0 | O14: 0 | P14: 0 | Q14: 0 | R14: 0
C15: 0 | D15: 0 | E15: 0 | F15: 0 | G15: 0 | H15: 0 | I15: 0 | J15: 0 | K15: 0 | L15: 0 | M15: 0 | N15: 0 | O15: 0 | P15: 0 | Q15: 0 | R15: 0
A16: Total Expected Income | C16: =SUM(C8:C15) -> 0 | D16: =SUM(D8:D15) -> 0 | E16: =SUM(E8:E15) -> 0 | F16: =SUM(F8:F15) -> 0 | G16: =SUM(G8:G15) -> 0 | H16: =SUM(H8:H15) -> 0 | I16: =SUM(I8:I15) -> 0 | J16: =SUM(J8:J15) -> 0 | ... R16: =SUM(R8:R15) -> 0
A17: Expected Expenses | B17: Expense Type | C17: List the costs you expect to incur each month. (Use positive numbers.) You can insert additional rows in the middle of this section, if needed.
B18: Payroll/Employees | C18: 0 | D18: 0 | E18: 0 | F18: 0 | G18: 0 | H18: 0 | I18: 0 | J18: 0 | K18: 0 | L18: 0 | M18: 0 | N18: 0 | O18: 0 | P18: 0 | Q18: 0 | R18: 0
B19: Rent & Utilities | G19: 0 | H19: 0 | I19: 0 | J19: 0 | K19: 0 | L19: 0 | M19: 0 | N19: 0 | O19: 0 | P19: 0 | Q19: 0 | R19: 0
B20: Marketing & Advertising | C20: 0 | D20: 0 | E20: 0 | F20: 0 | G20: 0 | H20: 0 | I20: 0 | J20: 0 | K20: 0 | L20: 0 | M20: 0 | N20: 0 | O20: 0 | P20: 0 | Q20: 0 | R20: 0
B21: Travel | C21: 0 | D21: 0 | E21: 0 | F21: 0 | G21: 0 | H21: 0 | I21: 0 | J21: 0 | K21: 0 | L21: 0 | M21: 0 | N21: 0 | O21: 0 | P21: 0 | Q21: 0 | R21: 0
B22: Office Expense | C22: 0 | D22: 0 | E22: 0 | F22: 0 | G22: 0 | H22: 0 | I22: 0 | J22: 0 | K22: 0 | L22: 0 | M22: 0 | N22: 0 | O22: 0 | P22: 0 | Q22: 0 | R22: 0
B23: Meals & Entertainment | C23: 0 | D23: 0 | E23: 0 | F23: 0 | G23: 0 | H23: 0 | I23: 0 | J23: 0 | K23: 0 | L23: 0 | M23: 0 | N23: 0 | O23: 0 | P23: 0 | Q23: 0 | R23: 0
B24: Telephone & Internet | C24: 0 | D24: 0 | E24: 0 | F24: 0 | G24: 0 | H24: 0 | I24: 0 | J24: 0 | K24: 0 | L24: 0 | M24: 0 | N24: 0 | O24: 0 | P24: 0 | Q24: 0 | R24: 0
B25: Professional Fees | C25: 0 | D25: 0 | E25: 0 | F25: 0 | G25: 0 | H25: 0 | I25: 0 | J25: 0 | K25: 0 | L25: 0 | M25: 0 | N25: 0 | O25: 0 | P25: 0 | Q25: 0 | R25: 0
B26: DEBT REPAYMENT | C26: 0 | D26: 0 | E26: 0 | F26: 0 | G26: 0 | H26: 0 | I26: 0 | J26: 0 | K26: 0 | L26: 0 | M26: 0 | N26: 0 | O26: 0 | P26: 0 | Q26: 0 | R26: 0
B27: DEBT FEES | C27: 0 | D27: 0 | E27: 0 | F27: 0 | G27: 0 | H27: 0 | I27: 0 | J27: 0 | K27: 0 | L27: 0 | M27: 0 | N27: 0 | O27: 0 | P27: 0 | Q27: 0 | R27: 0
B28: Other | C28: 0 | D28: 0 | E28: 0 | F28: 0 | G28: 0 | H28: 0 | I28: 0 | J28: 0 | K28: 0 | L28: 0 | M28: 0 | N28: 0 | O28: 0 | P28: 0 | Q28: 0 | R28: 0
C29: 0 | D29: 0 | E29: 0 | F29: 0 | G29: 0 | H29: 0 | I29: 0 | J29: 0 | K29: 0 | L29: 0 | M29: 0 | N29: 0 | O29: 0 | P29: 0 | Q29: 0 | R29: 0
A30: Total Expected Expenses | C30: =SUM(C18:C29) -> 0 | D30: =SUM(D18:D29) -> 0 | E30: =SUM(E18:E29) -> 0 | F30: =SUM(F18:F29) -> 0 | G30: =SUM(G18:G29) -> 0 | H30: =SUM(H18:H29) -> 0 | I30: =SUM(I18:I29) -> 0 | J30: =SUM(J18:J29) -> 0 | ... R30: =SUM(R18:R29) -> 0
A31: Closing Cash Balance | C31: The closing cash balance will auto-calculate based on your estimates.
C32: =(C6+C16)-C30 -> 0 | D32: =(D6+D16)-D30 -> 0 | E32: =(E6+E16)-E30 -> 0 | F32: =(F6+F16)-F30 -> 0 | G32: =(G6+G16)-G30 -> 0 | H32: =(H6+H16)-H30 -> 0 | I32: =(I6+I16)-I30 -> 0 | J32: =(J6+J16)-J30 -> 0 | ... R32: =(R6+R16)-R30 -> 0
A33: Using your Closing Cash Balance, you'll have have a sense of your agency's finances in the coming months. This is a very simplified way to monitor your estimated cash balance so you can plan accordingly to avoid potential cash flow issues before they happen.
A34: Thanks to Michael Hyatt & Co. for providing inspiration for this tool.

Sheet Cashflow Forecast Template (WI)
A2: Cashflow Projection Worksheet
A3: Use this forecast to predict financial upswings and challenges. Simply enter your actual bank balance as of today in the purple cell under week one and then enter expected cash receipts and disbursements for each week. Your estimated closing cash balance for each week will then auto-calculate.
A4: Rolling Forecast | D4: Week 1 | E4: Week 2 | F4: Week 3 | G4: Week 4 | H4: Week 5 | I4: Week 6 | J4: Week 7 | K4: Week 8 | L4: Week 9 | M4: Week 10 | N4: Week 11 | O4: Week 12 | P4: Week 13 | Q4: Week 14 | R4: Week 15 | S4: Week 16
A5: Opening Balance | C5: Insert your actual opening bank balance in the purple cell under week one. The rest of the opening balances will auto-calculate.
C6: % | D6: ='Cashflow Forecast Template'!C6 -> 0 | E6: =D32 -> 0 | F6: =E32 -> 0 | G6: =F32 -> 0 | H6: =G32 -> 0 | I6: =H32 -> 0 | J6: =I32 -> 0 | K6: =J32 -> 0 | L6: =K32 -> 0 | ... S6: =R32 -> 0
A7: Expected Cash Receipts | B7: Income Type | C7: Note your expected incoming cash for each week here. (Use positive numbers.) You can insert additional rows in the middle of this section, if needed.
B8: ='Cashflow Forecast Template'!B8 & "" -> Commission | C8: 1 | D8: ='Cashflow Forecast Template'!C8*'Cashflow Forecast Template (WI)'!$C8 -> 0 | E8: ='Cashflow Forecast Template'!D8*'Cashflow Forecast Template (WI)'!$C8 -> 0 | F8: ='Cashflow Forecast Template'!E8*'Cashflow Forecast Template (WI)'!$C8 -> 0 | G8: ='Cashflow Forecast Template'!F8*'Cashflow Forecast Template (WI)'!$C8 -> 0 | H8: ='Cashflow Forecast Template'!G8*'Cashflow Forecast Template (WI)'!$C8 -> 0 | I8: ='Cashflow Forecast Template'!H8*'Cashflow Forecast Template (WI)'!$C8 -> 0 | J8: ='Cashflow Forecast Template'!I8*'Cashflow Forecast Template (WI)'!$C8 -> 0 | K8: ='Cashflow Forecast Template'!J8*'Cashflow Forecast Template (WI)'!$C8 -> 0 | ... S8: ='Cashflow Forecast Template'!R8*'Cashflow Forecast Template (WI)'!$C8 -> 0
B9: ='Cashflow Forecast Template'!B9 & "" -> Carrier A | C9: 1 | D9: ='Cashflow Forecast Template'!C9*'Cashflow Forecast Template (WI)'!$C9 -> 0 | E9: ='Cashflow Forecast Template'!D9*'Cashflow Forecast Template (WI)'!$C9 -> 0 | F9: ='Cashflow Forecast Template'!E9*'Cashflow Forecast Template (WI)'!$C9 -> 0 | G9: ='Cashflow Forecast Template'!F9*'Cashflow Forecast Template (WI)'!$C9 -> 0 | H9: ='Cashflow Forecast Template'!G9*'Cashflow Forecast Template (WI)'!$C9 -> 0 | I9: ='Cashflow Forecast Template'!H9*'Cashflow Forecast Template (WI)'!$C9 -> 0 | J9: ='Cashflow Forecast Template'!I9*'Cashflow Forecast Template (WI)'!$C9 -> 0 | K9: ='Cashflow Forecast Template'!J9*'Cashflow Forecast Template (WI)'!$C9 -> 0 | ... S9: ='Cashflow Forecast Template'!R9*'Cashflow Forecast Template (WI)'!$C9 -> 0
B10: ='Cashflow Forecast Template'!B10 & "" -> Carrier B | C10: 1 | D10: ='Cashflow Forecast Template'!C10*'Cashflow Forecast Template (WI)'!$C10 -> 0 | E10: ='Cashflow Forecast Template'!D10*'Cashflow Forecast Template (WI)'!$C10 -> 0 | F10: ='Cashflow Forecast Template'!E10*'Cashflow Forecast Template (WI)'!$C10 -> 0 | G10: ='Cashflow Forecast Template'!F10*'Cashflow Forecast Template (WI)'!$C10 -> 0 | H10: ='Cashflow Forecast Template'!G10*'Cashflow Forecast Template (WI)'!$C10 -> 0 | I10: ='Cashflow Forecast Template'!H10*'Cashflow Forecast Template (WI)'!$C10 -> 0 | J10: ='Cashflow Forecast Template'!I10*'Cashflow Forecast Template (WI)'!$C10 -> 0 | K10: ='Cashflow Forecast Template'!J10*'Cashflow Forecast Template (WI)'!$C10 -> 0 | ... S10: ='Cashflow Forecast Template'!R10*'Cashflow Forecast Template (WI)'!$C10 -> 0
B11: ='Cashflow Forecast Template'!B11 & "" -> Carrier C | C11: 1 | D11: ='Cashflow Forecast Template'!C11*'Cashflow Forecast Template (WI)'!$C11 -> 0 | E11: ='Cashflow Forecast Template'!D11*'Cashflow Forecast Template (WI)'!$C11 -> 0 | F11: ='Cashflow Forecast Template'!E11*'Cashflow Forecast Template (WI)'!$C11 -> 0 | G11: ='Cashflow Forecast Template'!F11*'Cashflow Forecast Template (WI)'!$C11 -> 0 | H11: ='Cashflow Forecast Template'!G11*'Cashflow Forecast Template (WI)'!$C11 -> 0 | I11: ='Cashflow Forecast Template'!H11*'Cashflow Forecast Template (WI)'!$C11 -> 0 | J11: ='Cashflow Forecast Template'!I11*'Cashflow Forecast Template (WI)'!$C11 -> 0 | K11: ='Cashflow Forecast Template'!J11*'Cashflow Forecast Template (WI)'!$C11 -> 0 | ... S11: ='Cashflow Forecast Template'!R11*'Cashflow Forecast Template (WI)'!$C11 -> 0
B12: ='Cashflow Forecast Template'!B12 & "" -> Fees | C12: 1 | D12: ='Cashflow Forecast Template'!C12*'Cashflow Forecast Template (WI)'!$C12 -> 0 | E12: ='Cashflow Forecast Template'!D12*'Cashflow Forecast Template (WI)'!$C12 -> 0 | F12: ='Cashflow Forecast Template'!E12*'Cashflow Forecast Template (WI)'!$C12 -> 0 | G12: ='Cashflow Forecast Template'!F12*'Cashflow Forecast Template (WI)'!$C12 -> 0 | H12: ='Cashflow Forecast Template'!G12*'Cashflow Forecast Template (WI)'!$C12 -> 0 | I12: ='Cashflow Forecast Template'!H12*'Cashflow Forecast Template (WI)'!$C12 -> 0 | J12: ='Cashflow Forecast Template'!I12*'Cashflow Forecast Template (WI)'!$C12 -> 0 | K12: ='Cashflow Forecast Template'!J12*'Cashflow Forecast Template (WI)'!$C12 -> 0 | ... S12: ='Cashflow Forecast Template'!R12*'Cashflow Forecast Template (WI)'!$C12 -> 0
B13: ='Cashflow Forecast Template'!B13 & "" -> Other | C13: 1 | D13: ='Cashflow Forecast Template'!C13*'Cashflow Forecast Template (WI)'!$C13 -> 0 | E13: ='Cashflow Forecast Template'!D13*'Cashflow Forecast Template (WI)'!$C13 -> 0 | F13: ='Cashflow Forecast Template'!E13*'Cashflow Forecast Template (WI)'!$C13 -> 0 | G13: ='Cashflow Forecast Template'!F13*'Cashflow Forecast Template (WI)'!$C13 -> 0 | H13: ='Cashflow Forecast Template'!G13*'Cashflow Forecast Template (WI)'!$C13 -> 0 | I13: ='Cashflow Forecast Template'!H13*'Cashflow Forecast Template (WI)'!$C13 -> 0 | J13: ='Cashflow Forecast Template'!I13*'Cashflow Forecast Template (WI)'!$C13 -> 0 | K13: ='Cashflow Forecast Template'!J13*'Cashflow Forecast Template (WI)'!$C13 -> 0 | ... S13: ='Cashflow Forecast Template'!R13*'Cashflow Forecast Template (WI)'!$C13 -> 0
B14: ='Cashflow Forecast Template'!B14 & "" | C14: 1 | D14: ='Cashflow Forecast Template'!C14*'Cashflow Forecast Template (WI)'!$C14 -> 0 | E14: ='Cashflow Forecast Template'!D14*'Cashflow Forecast Template (WI)'!$C14 -> 0 | F14: ='Cashflow Forecast Template'!E14*'Cashflow Forecast Template (WI)'!$C14 -> 0 | G14: ='Cashflow Forecast Template'!F14*'Cashflow Forecast Template (WI)'!$C14 -> 0 | H14: ='Cashflow Forecast Template'!G14*'Cashflow Forecast Template (WI)'!$C14 -> 0 | I14: ='Cashflow Forecast Template'!H14*'Cashflow Forecast Template (WI)'!$C14 -> 0 | J14: ='Cashflow Forecast Template'!I14*'Cashflow Forecast Template (WI)'!$C14 -> 0 | K14: ='Cashflow Forecast Template'!J14*'Cashflow Forecast Template (WI)'!$C14 -> 0 | ... S14: ='Cashflow Forecast Template'!R14*'Cashflow Forecast Template (WI)'!$C14 -> 0
B15: ='Cashflow Forecast Template'!B15 & "" | C15: 1 | D15: ='Cashflow Forecast Template'!C15*'Cashflow Forecast Template (WI)'!$C15 -> 0 | E15: ='Cashflow Forecast Template'!D15*'Cashflow Forecast Template (WI)'!$C15 -> 0 | F15: ='Cashflow Forecast Template'!E15*'Cashflow Forecast Template (WI)'!$C15 -> 0 | G15: ='Cashflow Forecast Template'!F15*'Cashflow Forecast Template (WI)'!$C15 -> 0 | H15: ='Cashflow Forecast Template'!G15*'Cashflow Forecast Template (WI)'!$C15 -> 0 | I15: ='Cashflow Forecast Template'!H15*'Cashflow Forecast Template (WI)'!$C15 -> 0 | J15: ='Cashflow Forecast Template'!I15*'Cashflow Forecast Template (WI)'!$C15 -> 0 | K15: ='Cashflow Forecast Template'!J15*'Cashflow Forecast Template (WI)'!$C15 -> 0 | ... S15: ='Cashflow Forecast Template'!R15*'Cashflow Forecast Template (WI)'!$C15 -> 0
A16: Total Expected Receipts | D16: =SUM(D8:D15) -> 0 | E16: =SUM(E8:E15) -> 0 | F16: =SUM(F8:F15) -> 0 | G16: =SUM(G8:G15) -> 0 | H16: =SUM(H8:H15) -> 0 | I16: =SUM(I8:I15) -> 0 | J16: =SUM(J8:J15) -> 0 | K16: =SUM(K8:K15) -> 0 | ... S16: =SUM(S8:S15) -> 0
A17: Expected Cash Disbursements | B17: Expense Type | C17: List the costs you expect to incur each week. (Use positive numbers.) You can insert additional rows in the middle of this section, if needed.
B18: ='Cashflow Forecast Template'!B18 & "" -> Payroll/Employees | C18: 1 | D18: ='Cashflow Forecast Template'!C18*'Cashflow Forecast Template (WI)'!$C18 -> 0 | E18: ='Cashflow Forecast Template'!D18*'Cashflow Forecast Template (WI)'!$C18 -> 0 | F18: ='Cashflow Forecast Template'!E18*'Cashflow Forecast Template (WI)'!$C18 -> 0 | G18: ='Cashflow Forecast Template'!F18*'Cashflow Forecast Template (WI)'!$C18 -> 0 | H18: ='Cashflow Forecast Template'!G18*'Cashflow Forecast Template (WI)'!$C18 -> 0 | I18: ='Cashflow Forecast Template'!H18*'Cashflow Forecast Template (WI)'!$C18 -> 0 | J18: ='Cashflow Forecast Template'!I18*'Cashflow Forecast Template (WI)'!$C18 -> 0 | K18: ='Cashflow Forecast Template'!J18*'Cashflow Forecast Template (WI)'!$C18 -> 0 | ... S18: ='Cashflow Forecast Template'!R18*'Cashflow Forecast Template (WI)'!$C18 -> 0
B19: ='Cashflow Forecast Template'!B19 & "" -> Rent & Utilities | C19: 1 | D19: ='Cashflow Forecast Template'!C19*'Cashflow Forecast Template (WI)'!$C19 -> 0 | E19: ='Cashflow Forecast Template'!D19*'Cashflow Forecast Template (WI)'!$C19 -> 0 | F19: ='Cashflow Forecast Template'!E19*'Cashflow Forecast Template (WI)'!$C19 -> 0 | G19: ='Cashflow Forecast Template'!F19*'Cashflow Forecast Template (WI)'!$C19 -> 0 | H19: ='Cashflow Forecast Template'!G19*'Cashflow Forecast Template (WI)'!$C19 -> 0 | I19: ='Cashflow Forecast Template'!H19*'Cashflow Forecast Template (WI)'!$C19 -> 0 | J19: ='Cashflow Forecast Template'!I19*'Cashflow Forecast Template (WI)'!$C19 -> 0 | K19: ='Cashflow Forecast Template'!J19*'Cashflow Forecast Template (WI)'!$C19 -> 0 | ... S19: ='Cashflow Forecast Template'!R19*'Cashflow Forecast Template (WI)'!$C19 -> 0
B20: ='Cashflow Forecast Template'!B20 & "" -> Marketing & Advertising | C20: 1 | D20: ='Cashflow Forecast Template'!C20*'Cashflow Forecast Template (WI)'!$C20 -> 0 | E20: ='Cashflow Forecast Template'!D20*'Cashflow Forecast Template (WI)'!$C20 -> 0 | F20: ='Cashflow Forecast Template'!E20*'Cashflow Forecast Template (WI)'!$C20 -> 0 | G20: ='Cashflow Forecast Template'!F20*'Cashflow Forecast Template (WI)'!$C20 -> 0 | H20: ='Cashflow Forecast Template'!G20*'Cashflow Forecast Template (WI)'!$C20 -> 0 | I20: ='Cashflow Forecast Template'!H20*'Cashflow Forecast Template (WI)'!$C20 -> 0 | J20: ='Cashflow Forecast Template'!I20*'Cashflow Forecast Template (WI)'!$C20 -> 0 | K20: ='Cashflow Forecast Template'!J20*'Cashflow Forecast Template (WI)'!$C20 -> 0 | ... S20: ='Cashflow Forecast Template'!R20*'Cashflow Forecast Template (WI)'!$C20 -> 0
B21: ='Cashflow Forecast Template'!B21 & "" -> Travel | C21: 1 | D21: ='Cashflow Forecast Template'!C21*'Cashflow Forecast Template (WI)'!$C21 -> 0 | E21: ='Cashflow Forecast Template'!D21*'Cashflow Forecast Template (WI)'!$C21 -> 0 | F21: ='Cashflow Forecast Template'!E21*'Cashflow Forecast Template (WI)'!$C21 -> 0 | G21: ='Cashflow Forecast Template'!F21*'Cashflow Forecast Template (WI)'!$C21 -> 0 | H21: ='Cashflow Forecast Template'!G21*'Cashflow Forecast Template (WI)'!$C21 -> 0 | I21: ='Cashflow Forecast Template'!H21*'Cashflow Forecast Template (WI)'!$C21 -> 0 | J21: ='Cashflow Forecast Template'!I21*'Cashflow Forecast Template (WI)'!$C21 -> 0 | K21: ='Cashflow Forecast Template'!J21*'Cashflow Forecast Template (WI)'!$C21 -> 0 | ... S21: ='Cashflow Forecast Template'!R21*'Cashflow Forecast Template (WI)'!$C21 -> 0
B22: ='Cashflow Forecast Template'!B22 & "" -> Office Expense | C22: 1 | D22: ='Cashflow Forecast Template'!C22*'Cashflow Forecast Template (WI)'!$C22 -> 0 | E22: ='Cashflow Forecast Template'!D22*'Cashflow Forecast Template (WI)'!$C22 -> 0 | F22: ='Cashflow Forecast Template'!E22*'Cashflow Forecast Template (WI)'!$C22 -> 0 | G22: ='Cashflow Forecast Template'!F22*'Cashflow Forecast Template (WI)'!$C22 -> 0 | H22: ='Cashflow Forecast Template'!G22*'Cashflow Forecast Template (WI)'!$C22 -> 0 | I22: ='Cashflow Forecast Template'!H22*'Cashflow Forecast Template (WI)'!$C22 -> 0 | J22: ='Cashflow Forecast Template'!I22*'Cashflow Forecast Template (WI)'!$C22 -> 0 | K22: ='Cashflow Forecast Template'!J22*'Cashflow Forecast Template (WI)'!$C22 -> 0 | ... S22: ='Cashflow Forecast Template'!R22*'Cashflow Forecast Template (WI)'!$C22 -> 0
B23: ='Cashflow Forecast Template'!B23 & "" -> Meals & Entertainment | C23: 2 | D23: ='Cashflow Forecast Template'!C23*'Cashflow Forecast Template (WI)'!$C23 -> 0 | E23: ='Cashflow Forecast Template'!D23*'Cashflow Forecast Template (WI)'!$C23 -> 0 | F23: ='Cashflow Forecast Template'!E23*'Cashflow Forecast Template (WI)'!$C23 -> 0 | G23: ='Cashflow Forecast Template'!F23*'Cashflow Forecast Template (WI)'!$C23 -> 0 | H23: ='Cashflow Forecast Template'!G23*'Cashflow Forecast Template (WI)'!$C23 -> 0 | I23: ='Cashflow Forecast Template'!H23*'Cashflow Forecast Template (WI)'!$C23 -> 0 | J23: ='Cashflow Forecast Template'!I23*'Cashflow Forecast Template (WI)'!$C23 -> 0 | K23: ='Cashflow Forecast Template'!J23*'Cashflow Forecast Template (WI)'!$C23 -> 0 | ... S23: ='Cashflow Forecast Template'!R23*'Cashflow Forecast Template (WI)'!$C23 -> 0
B24: ='Cashflow Forecast Template'!B24 & "" -> Telephone & Internet | C24: 3 | D24: ='Cashflow Forecast Template'!C24*'Cashflow Forecast Template (WI)'!$C24 -> 0 | E24: ='Cashflow Forecast Template'!D24*'Cashflow Forecast Template (WI)'!$C24 -> 0 | F24: ='Cashflow Forecast Template'!E24*'Cashflow Forecast Template (WI)'!$C24 -> 0 | G24: ='Cashflow Forecast Template'!F24*'Cashflow Forecast Template (WI)'!$C24 -> 0 | H24: ='Cashflow Forecast Template'!G24*'Cashflow Forecast Template (WI)'!$C24 -> 0 | I24: ='Cashflow Forecast Template'!H24*'Cashflow Forecast Template (WI)'!$C24 -> 0 | J24: ='Cashflow Forecast Template'!I24*'Cashflow Forecast Template (WI)'!$C24 -> 0 | K24: ='Cashflow Forecast Template'!J24*'Cashflow Forecast Template (WI)'!$C24 -> 0 | ... S24: ='Cashflow Forecast Template'!R24*'Cashflow Forecast Template (WI)'!$C24 -> 0
B25: ='Cashflow Forecast Template'!B25 & "" -> Professional Fees | C25: 1 | D25: ='Cashflow Forecast Template'!C25*'Cashflow Forecast Template (WI)'!$C25 -> 0 | E25: ='Cashflow Forecast Template'!D25*'Cashflow Forecast Template (WI)'!$C25 -> 0 | F25: ='Cashflow Forecast Template'!E25*'Cashflow Forecast Template (WI)'!$C25 -> 0 | G25: ='Cashflow Forecast Template'!F25*'Cashflow Forecast Template (WI)'!$C25 -> 0 | H25: ='Cashflow Forecast Template'!G25*'Cashflow Forecast Template (WI)'!$C25 -> 0 | I25: ='Cashflow Forecast Template'!H25*'Cashflow Forecast Template (WI)'!$C25 -> 0 | J25: ='Cashflow Forecast Template'!I25*'Cashflow Forecast Template (WI)'!$C25 -> 0 | K25: ='Cashflow Forecast Template'!J25*'Cashflow Forecast Template (WI)'!$C25 -> 0 | ... S25: ='Cashflow Forecast Template'!R25*'Cashflow Forecast Template (WI)'!$C25 -> 0
B26: ='Cashflow Forecast Template'!B26 & "" -> DEBT REPAYMENT | C26: 2 | D26: ='Cashflow Forecast Template'!C26*'Cashflow Forecast Template (WI)'!$C26 -> 0 | E26: ='Cashflow Forecast Template'!D26*'Cashflow Forecast Template (WI)'!$C26 -> 0 | F26: ='Cashflow Forecast Template'!E26*'Cashflow Forecast Template (WI)'!$C26 -> 0 | G26: ='Cashflow Forecast Template'!F26*'Cashflow Forecast Template (WI)'!$C26 -> 0 | H26: ='Cashflow Forecast Template'!G26*'Cashflow Forecast Template (WI)'!$C26 -> 0 | I26: ='Cashflow Forecast Template'!H26*'Cashflow Forecast Template (WI)'!$C26 -> 0 | J26: ='Cashflow Forecast Template'!I26*'Cashflow Forecast Template (WI)'!$C26 -> 0 | K26: ='Cashflow Forecast Template'!J26*'Cashflow Forecast Template (WI)'!$C26 -> 0 | ... S26: ='Cashflow Forecast Template'!R26*'Cashflow Forecast Template (WI)'!$C26 -> 0
B27: ='Cashflow Forecast Template'!B27 & "" -> DEBT FEES | C27: 3 | D27: ='Cashflow Forecast Template'!C27*'Cashflow Forecast Template (WI)'!$C27 -> 0 | E27: ='Cashflow Forecast Template'!D27*'Cashflow Forecast Template (WI)'!$C27 -> 0 | F27: ='Cashflow Forecast Template'!E27*'Cashflow Forecast Template (WI)'!$C27 -> 0 | G27: ='Cashflow Forecast Template'!F27*'Cashflow Forecast Template (WI)'!$C27 -> 0 | H27: ='Cashflow Forecast Template'!G27*'Cashflow Forecast Template (WI)'!$C27 -> 0 | I27: ='Cashflow Forecast Template'!H27*'Cashflow Forecast Template (WI)'!$C27 -> 0 | J27: ='Cashflow Forecast Template'!I27*'Cashflow Forecast Template (WI)'!$C27 -> 0 | K27: ='Cashflow Forecast Template'!J27*'Cashflow Forecast Template (WI)'!$C27 -> 0 | ... S27: ='Cashflow Forecast Template'!R27*'Cashflow Forecast Template (WI)'!$C27 -> 0
B28: ='Cashflow Forecast Template'!B28 & "" -> Other | C28: 1 | D28: ='Cashflow Forecast Template'!C28*'Cashflow Forecast Template (WI)'!$C28 -> 0 | E28: ='Cashflow Forecast Template'!D28*'Cashflow Forecast Template (WI)'!$C28 -> 0 | F28: ='Cashflow Forecast Template'!E28*'Cashflow Forecast Template (WI)'!$C28 -> 0 | G28: ='Cashflow Forecast Template'!F28*'Cashflow Forecast Template (WI)'!$C28 -> 0 | H28: ='Cashflow Forecast Template'!G28*'Cashflow Forecast Template (WI)'!$C28 -> 0 | I28: ='Cashflow Forecast Template'!H28*'Cashflow Forecast Template (WI)'!$C28 -> 0 | J28: ='Cashflow Forecast Template'!I28*'Cashflow Forecast Template (WI)'!$C28 -> 0 | K28: ='Cashflow Forecast Template'!J28*'Cashflow Forecast Template (WI)'!$C28 -> 0 | ... S28: ='Cashflow Forecast Template'!R28*'Cashflow Forecast Template (WI)'!$C28 -> 0
B29: ='Cashflow Forecast Template'!B29 & "" | C29: 1 | D29: ='Cashflow Forecast Template'!C29*'Cashflow Forecast Template (WI)'!$C29 -> 0 | E29: ='Cashflow Forecast Template'!D29*'Cashflow Forecast Template (WI)'!$C29 -> 0 | F29: ='Cashflow Forecast Template'!E29*'Cashflow Forecast Template (WI)'!$C29 -> 0 | G29: ='Cashflow Forecast Template'!F29*'Cashflow Forecast Template (WI)'!$C29 -> 0 | H29: ='Cashflow Forecast Template'!G29*'Cashflow Forecast Template (WI)'!$C29 -> 0 | I29: ='Cashflow Forecast Template'!H29*'Cashflow Forecast Template (WI)'!$C29 -> 0 | J29: ='Cashflow Forecast Template'!I29*'Cashflow Forecast Template (WI)'!$C29 -> 0 | K29: ='Cashflow Forecast Template'!J29*'Cashflow Forecast Template (WI)'!$C29 -> 0 | ... S29: ='Cashflow Forecast Template'!R29*'Cashflow Forecast Template (WI)'!$C29 -> 0
A30: Total Expected Disbursements | D30: =SUM(D18:D29) -> 0 | E30: =SUM(E18:E29) -> 0 | F30: =SUM(F18:F29) -> 0 | G30: =SUM(G18:G29) -> 0 | H30: =SUM(H18:H29) -> 0 | I30: =SUM(I18:I29) -> 0 | J30: =SUM(J18:J29) -> 0 | K30: =SUM(K18:K29) -> 0 | ... S30: =SUM(S18:S29) -> 0
A31: Closing Cash Balance | C31: The closing cash balance will auto-calculate based on your estimates.
D32: =(D6+D16)-D30 -> 0 | E32: =(E6+E16)-E30 -> 0 | F32: =(F6+F16)-F30 -> 0 | G32: =(G6+G16)-G30 -> 0 | H32: =(H6+H16)-H30 -> 0 | I32: =(I6+I16)-I30 -> 0 | J32: =(J6+J16)-J30 -> 0 | K32: =(K6+K16)-K30 -> 0 | ... S32: =(S6+S16)-S30 -> 0
A33: Once your closing cash balances have been calculated, you'll have the clarity you need to safeguard your organization's finances. Simply look for weeks where your estimated closing cash balance is in the red and plan accordingly to avoid cashflow issues before they happen.
A34: ©2020 MICHAEL HYATT & COMPANY

Sheet Sample Forecast
A2: Cashflow Projection Worksheet
A3: Use this forecast to predict financial upswings and challenges. Simply enter your actual bank balance as of today in the purple cell under week one and then enter expected cash receipts and disbursements for each week. Your estimated closing cash balance for each week will then auto-calculate.
A4: Rolling Forecast | C4: Week 1 | D4: Week 2 | E4: Week 3 | F4: Week 4 | G4: Week 5 | H4: Week 6 | I4: Week 7 | J4: Week 8 | K4: Week 9 | L4: Week 10 | M4: Week 11 | N4: Week 12 | O4: Week 13 | P4: Week 14 | Q4: Week 15 | R4: Week 16
A5: Opening Balance | C5: Insert your actual opening bank balance in the purple cell under week one. The rest of the opening balances will auto-calculate.
C6: 40000 | D6: =C28 -> 27000 | E6: =D28 -> 21000 | F6: =E28 -> 39750 | G6: =F28 -> 3750 | H6: =G28 -> 13000 | I6: =H28 -> 8125 | J6: =I28 -> 26775 | K6: =J28 -> 12800 | ... R6: =Q28 -> 121150
A7: Expected Cash Receipts | B7: Income Type | C7: Note your expected incoming cash for each week here. (Use positive numbers.) You can insert additional rows in the middle of this section, if needed.
B8: Product Sales | C8: 26000 | D8: 12000 | E8: 10000 | F8: 26000 | G8: 20000 | H8: 22000 | I8: 30000 | J8: 12000 | K8: 14000 | L8: 26000 | M8: 25000 | N8: 30000 | O8: 30000 | P8: 34000 | Q8: 35000 | R8: 40000
B9: Consultation Fees | C9: 4000 | D9: 3500 | E9: 5000 | F9: 4000 | G9: 3250 | H9: 4125 | I9: 5150 | J9: 4325 | K9: 4000 | L9: 8150 | M9: 3000 | N9: 4500 | O9: 5500 | P9: 3000 | Q9: 6500 | R9: 4250
B10: Commissions | C10: 0 | D10: 0 | E10: 10000 | F10: 0 | G10: 0 | H10: 2000 | I10: 0 | J10: 0 | K10: 0 | L10: 10000 | M10: 15000 | N10: 0 | O10: 8000 | P10: 12500 | Q10: 0 | R10: 0
B11: Interest | C11: 0 | D11: 0 | E11: 0 | F11: 500 | G11: 0 | H11: 0 | I11: 0 | J11: 500 | K11: 0 | L11: 0 | M11: 0 | N11: 500 | O11: 0 | P11: 0 | Q11: 0 | R11: 500
B12: A/R | C12: 0 | D12: 0 | E12: 1500 | F12: 0 | G12: 0 | H12: 0 | I12: 3000 | J12: 0 | K12: 0 | L12: 0 | M12: 0 | N12: 0 | O12: 10000 | P12: 0 | Q12: 0 | R12: 0
B13: Other | C13: 0 | D13: 3500 | E13: 0 | F13: 5000 | G13: 0 | H13: 12000 | I13: 0 | J13: 0 | K13: 0 | L13: 750 | M13: 0 | N13: 0 | O13: 4300 | P13: 0 | Q13: 0 | R13: 0
A16: Total Expected Receipts | C16: =SUM(C8:C15) -> 30000 | D16: =SUM(D8:D15) -> 19000 | E16: =SUM(E8:E15) -> 26500 | F16: =SUM(F8:F15) -> 35500 | G16: =SUM(G8:G15) -> 23250 | H16: =SUM(H8:H15) -> 40125 | I16: =SUM(I8:I15) -> 38150 | J16: =SUM(J8:J15) -> 16825 | ... R16: =SUM(R8:R15) -> 44750
A17: Expected Cash Disbursements | B17: Expense Type | C17: List the costs you expect to incur each week. (Use positive numbers.) You can insert additional rows in the middle of this section, if needed.
B18: Salaries | C18: 0 | D18: 22000 | E18: 0 | F18: 22000 | G18: 0 | H18: 22000 | I18: 0 | J18: 22000 | K18: 0 | L18: 22000 | M18: 0 | N18: 22000 | O18: 0 | P18: 22000 | Q18: 0 | R18: 22000
B19: Facilities | C19: 7500 | D19: 0 | E19: 2500 | F19: 0 | G19: 7500 | H19: 0 | I19: 2500 | J19: 0 | K19: 7500 | L19: 0 | M19: 2500 | N19: 0 | O19: 7500 | P19: 0 | Q19: 2500 | R19: 0
B20: Production Costs | C20: 30000 | D20: 0 | E20: 0 | F20: 40000 | G20: 0 | H20: 0 | I20: 15000 | J20: 0 | K20: 45000 | L20: 0 | M20: 0 | N20: 0 | O20: 15000 | P20: 0 | Q20: 0 | R20: 0
B21: Training/Benefits | C21: 0 | D21: 0 | E21: 3000 | F21: 0 | G21: 0 | H21: 0 | I21: 0 | J21: 0 | K21: 0 | L21: 0 | M21: 0 | N21: 4500 | O21: 0 | P21: 0 | Q21: 0 | R21: 0
B22: Marketing | C22: 2500 | D22: 3000 | E22: 2250 | F22: 3500 | G22: 3500 | H22: 8000 | I22: 2000 | J22: 3500 | K22: 2500 | L22: 3750 | M22: 2250 | N22: 3000 | O22: 3500 | P22: 2500 | Q22: 3250 | R22: 2800
B23: Legal/Accounting | C23: 3000 | D23: 0 | E23: 0 | F23: 1000 | G23: 3000 | H23: 0 | I23: 0 | J23: 1000 | K23: 3000 | L23: 0 | M23: 0 | N23: 1000 | O23: 3000 | P23: 0 | Q23: 0 | R23: 1000
B24: Credit Card | C24: 0 | D24: 0 | E24: 0 | F24: 5000 | G24: 0 | H24: 0 | I24: 0 | J24: 4300 | K24: 0 | L24: 0 | M24: 0 | N24: 2600 | O24: 0 | P24: 0 | Q24: 0 | R24: 5600
B25: Other | C25: 0 | D25: 0 | E25: 0 | F25: 0 | G25: 0 | H25: 15000 | I25: 0 | J25: 0 | K25: 0 | L25: 0 | M25: 0 | N25: 500 | O25: 0 | P25: 0 | Q25: 0 | R25: 0
A26: Total Expected Disbursements | C26: =SUM(C18:C25) -> 43000 | D26: =SUM(D18:D25) -> 25000 | E26: =SUM(E18:E25) -> 7750 | F26: =SUM(F18:F25) -> 71500 | G26: =SUM(G18:G25) -> 14000 | H26: =SUM(H18:H25) -> 45000 | I26: =SUM(I18:I25) -> 19500 | J26: =SUM(J18:J25) -> 30800 | ... R26: =SUM(R18:R25) -> 31400
A27: Closing Cash Balance | C27: The closing cash balance will auto-calculate based on your estimates.
C28: =(C6+C16)-C26 -> 27000 | D28: =(D6+D16)-D26 -> 21000 | E28: =(E6+E16)-E26 -> 39750 | F28: =(F6+F16)-F26 -> 3750 | G28: =(G6+G16)-G26 -> 13000 | H28: =(H6+H16)-H26 -> 8125 | I28: =(I6+I16)-I26 -> 26775 | J28: =(J6+J16)-J26 -> 12800 | ... R28: =(R6+R16)-R26 -> 134500
A29: Once your closing cash balances have been calculated, you'll have the clarity you need to safeguard your organization's finances. Simply look for weeks where your estimated closing cash balance is in the red and plan accordingly to avoid cashflow issues before they happen.
A30: ©2020 MICHAEL HYATT & COMPANY
